 Dungeon Crawl Stone Soup version 0.17.0-23-g0de4337 (webtiles) character file.

1331 JudasIscariot the Ducker (level 8, -3/78 HPs)
             Began as a Troll Fighter on Nov 15, 2015.
             Was a Follower of Yredelemnul.
             Splashed by a jelly's acid (10 damage)
             ... on level 7 of the Dungeon.
             The game lasted 00:16:02 (4422 turns).

JudasIscariot the Ducker (Troll Fighter)            Turns: 4422, Time: 00:16:03

Health: -3/78      AC: -17   Str: 27    XL:     8   Next: 34%
Magic:  8/8        EV: 12    Int:  4    God:    Yredelemnul [*.....]
Gold:   416        SH:  9    Dex:  9    Spells: 0 memorised, 7 levels left

rFire  . . .     SeeInvis .     a - +0 flail
rCold  . . .     Clarity  .     b - +0 robe
rNeg   . . .     SustAt   .     c - +0 shield
rPois  .         Gourm    +     v - +0 hat
rElec  .         Spirit   .     w - +1 cloak
rCorr  .         Warding  .     (gloves unavailable)
rMut   .         Stasis   .     (boots unavailable)
MR     +....                    y - amulet of faith
Stlth  +.........               G - +3 ring of evasion
                                r - ring of protection from magic (curse)

@: corroded equipment, somewhat resistant to hostile enchantments, very
unstealthy
A: unfitting armour, claws 3, fast metabolism 3, gourmand, regeneration 2,
shaggy fur 1, tough skin 2
a: Animate Remains, Renounce Religion


You were on level 7 of the Dungeon.
You worshipped Yredelemnul.
Yredelemnul was aware of your devotion.
You were full.

You visited 1 branch of the dungeon, and saw 6 of its levels.
You also visited: Ossuary.

You collected 416 gold pieces.

Inventory:

Hand Weapons
 a - a +0 flail (weapon)
 s - a cursed -2 whip
Armour
 b - a +0 robe (worn)
 c - a +0 shield (worn)
 v - a +0 hat (worn)
 w - a +1 cloak (worn)
Jewellery
 r - a cursed ring of protection from magic (left claw)
 y - an amulet of faith (around neck)
 G - a +3 ring of evasion (right claw)
Wands
 H - a wand of fire (8)
 I - a wand of hasting (2)
Scrolls
 d - a scroll of recharging {unknown}
 g - 2 scrolls of fear
 i - 3 scrolls of blinking
 l - 3 scrolls of teleportation
 n - 2 scrolls of fog
 o - 2 scrolls of immolation
 p - 3 scrolls of enchant weapon {unknown}
 u - 3 scrolls of enchant armour {unknown}
 x - 2 scrolls of remove curse {unknown}
 z - 3 scrolls of acquirement {unknown}
 C - a scroll of magic mapping {unknown}
 D - a scroll of random uselessness {unknown}
 F - 4 scrolls of identify
 J - a scroll of amnesia {unknown}
Potions
 f - a potion of flight {unknown}
 q - a potion of brilliance {unknown}
 t - 4 potions of haste
 A - a potion of agility {unknown}
 B - a potion of might
 E - a potion of heal wounds {unknown}
Comestibles
 e - 5 bread rations
 h - 10 fruits
 j - a meat ration
 k - 2 royal jellies
 m - 2 beef jerkies


   Skills:
 * Level 4.1 Fighting
 * Level 4.0 Maces & Flails
 * Level 2.7 Throwing
 * Level 5.7 Dodging
 + Level 3.8 Shields
 * Level 2.3 Invocations


You had 7 spell levels left.
You didn't know any spells.

Dungeon Overview and Level Annotations

Branches:
Dungeon (7/15)
 Temple: D:4-7

Altars:
Ashenzari
Gozag
Xom
Yredelemnul

Shops:
D:6 (


Innate Abilities, Weirdness & Mutations

You are too large for most types of armour.
You have claws for hands.
Your metabolism is lightning-fast.
You like to eat raw meat.
You heal very quickly.
You are covered in fur (AC +1).
You have very tough skin (AC +2).


Message History

You hit the jelly.
Your claws burn!
The jelly is heavily wounded.
You block the jelly's attack.
You hit the jelly but do no damage.
Your claws burn!
The jelly is heavily wounded.
The jelly hits you.
You are splashed with acid!
The acid corrodes you!
The acid burns!
* * * LOW HITPOINT WARNING * * *
The jelly hits you.
* * * LOW HITPOINT WARNING * * *
You are splashed with acid!
The acid corrodes you!
The acid burns!
* * * LOW HITPOINT WARNING * * *
You hit the jelly. The acid corrodes you!
Your claws burn!
* * * LOW HITPOINT WARNING * * *
The jelly is heavily wounded.
The jelly hits you.
* * * LOW HITPOINT WARNING * * *
You are splashed with acid!
The acid burns!
You die...
Your body rises from the dead as a mindless zombie.

#.# #.# #.# #.#####
######### #.#...#
#.......####.#...# #
##.........##.#...######
..............'.........
####..@...####.).######
.....>.J.....)........##
#####.)....###........##
##.##### ##.##....## #.
#.......## #. #.......##
.. #......... .. ###
#......... .# ... ....
##.# ##........


You could see a jelly.

Vanquished Creatures
  The ghost of zkyp the Cleaver, an amateur HOCK of Xom (Ossuary)
  An ice beast (D:7)
  A sky beast (D:5)
  A phantom (D:5)
  A centaur (D:5)
  2 elf zombies (Ossuary)
  A giant frog (D:6)
  The ghost of puimuR the Chopper, a weakling VSGl (D:5)
  3 crimson imps
  A hound (D:6)
  A giant frog skeleton (D:6)
  2 orc wizards
  Ijyb (D:3)
  3 worker ants
  2 orc priests (D:6)
  A quasit (D:6)
  3 mummies (Ossuary)
  An adder (D:5)
  2 shadow imps
  3 gnolls (D:6)
  An ooze (D:1)
  An adder skeleton (D:6)
  5 adder zombies
  2 worms
  8 orcs
  2 giant cockroaches (D:1)
  A gnoll zombie (Ossuary)
  3 hobgoblins (D:2)
  8 jackals
  8 kobolds
  2 quokkas (D:2)
  5 bats
  3 giant newts
  13 goblins
  5 goblin zombies (Ossuary)
  2 hobgoblin zombies (Ossuary)
  2 kobold zombies (Ossuary)
  A quokka skeleton (D:5)
  2 rats
  2 rat zombies (Ossuary)
108 creatures vanquished.

Vanquished Creatures (collateral kills)
  A giant frog (D:6)
  2 crimson imps
  A gnoll (D:6)
  An adder zombie (D:6)
  An orc (D:5)
  A jackal (D:5)
  A quokka (D:6)
  A giant newt (D:5)
9 creatures vanquished.

Vanquished Creatures (others)
  A centaur zombie (D:5)
  An orc skeleton (D:6)
  A gnoll skeleton (D:6)
3 creatures vanquished.

Grand Total: 120 creatures vanquished

Notes
Turn   | Place    | Note
--------------------------------------------------------------
     0 | D:1      | JudasIscariot the Troll Fighter began the quest for the Orb.
     0 | D:1      | Reached XP level 1. HP: 22/22 MP: 0/0
   292 | D:1      | Reached XP level 2. HP: 29/29 MP: 1/1
  1045 | D:2      | Reached XP level 3. HP: 31/36 MP: 2/2
  1330 | D:3      | Found an opulent altar of Gozag.
  1406 | D:3      | Reached skill level 1 in Throwing
  1429 | D:3      | Found a shimmering altar of Xom.
  1455 | D:3      | Found a basalt altar of Yredelemnul.
  1489 | D:3      | Became a worshipper of Yredelemnul the Dark
  1828 | D:3      | Noticed Ijyb
  1842 | D:3      | Killed Ijyb
  1842 | D:3      | Reached skill level 3 in Dodging
  1842 | D:3      | Reached XP level 4. HP: 37/44 MP: 3/3
  1968 | D:3      | Reached * piety under Yredelemnul
  2007 | D:3      | Found a shimmering altar of Xom.
  2007 | D:3      | Found a shimmering altar of Xom.
  2016 | D:3      | You fall through a shaft for 2 floors!
  2016 | D:5      | Entered Level 5 of the Dungeon
  2016 | D:5      | Noticed a centaur
  2038 | D:5      | Killed a centaur
  2038 | D:5      | Reached XP level 5. HP: 5/53 MP: 4/4
  2250 | D:5      | Reached skill level 4 in Dodging
  2274 | D:5      | Noticed puimuR's ghost (weakling VSGl)
  2282 | D:5      | Killed puimuR's ghost
  2286 | D:5      | Reached XP level 6. HP: 49/61 MP: 5/5
  2290 | D:5      | Noticed a phantom
  2296 | D:5      | Noticed a sky beast
  2312 | D:5      | Killed a phantom
  2343 | D:5      | Killed a sky beast
  2542 | D:5      | Reached skill level 1 in Invocations
  2964 | D:6      | Found a sand-covered staircase.
  2978 | Ossuary  | Entered an ossuary
  2988 | Ossuary  | Reached XP level 7. HP: 50/67 MP: 6/6
  3135 | Ossuary  | Noticed zkyp's ghost (amateur HOCK)
  3151 | Ossuary  | Killed zkyp's ghost
  3259 | Ossuary  | Reached skill level 5 in Dodging
  3452 | D:6      | HP: 3/68 [orc priest/club (6)]
  3461 | D:6      | Reached XP level 8. HP: 6/78 MP: 8/8
  3908 | D:6      | Found Oxokkuta's Antique Weapon Shop.
  4128 | D:7      | Found a shattered altar of Ashenzari.
  4422 | D:7      | Splashed by a jelly's acid

Action                   |  1- 3 |  4- 6 |  7- 9 || total
-------------------------+-------+-------+-------++-------
Melee: Flail             |   160 |   111 |   297 ||   568
Invok: Animate Remains   |       |     1 |     4 ||     5
  Use: Scroll            |     3 |     4 |       ||     7
       Potion            |       |     2 |     3 ||     5
  Eat: Chunk             |    22 |     9 |    16 ||    47
